 Dungeon Crawl Stone Soup version 0.27-a0-1144-g0b7d3b79db (webtiles) character file.

Game seed: 11334315851512880626

292 kae the Slasher (level 6, -5/49 HPs)
             Began as a Demonspawn Abyssal Knight on May 10, 2021.
             Was a Priest of Lugonu.
             Asphyxiated
             ... in a sewer.
             The game lasted 00:03:53 (2926 turns).

kae the Slasher (Demonspawn Abyssal Knight)         Turns: 2926, Time: 00:03:54

Health: -5/49      AC:  8    Str: 14    XL:     6   Next: 10%
Magic:  7/7        EV:  6    Int: 14    God:    Lugonu [***...]
Gold:   122        SH:  0    Dex: 12    Spells: 5/5 levels left

rFire    . . .     SeeInvis .   a - +1 falchion
rCold    . . .     Faith    .   (no shield)
rNeg     + . .     Spirit   .   j - +0 chain mail
rPois    .         Reflect  .   (helmet restricted)
rElec    .         Harm     .   (no cloak)
rCorr    .         Rampage  .   (no gloves)
Will     .....                  (no boots)
Stlth    ..........             h - amulet of regeneration
HPRegen  1.16/turn              d - ring of positive energy
MPRegen  0.10/turn              (no ring)

@: lethally poisoned (-5 -> -22), slowed, very slow
A: horns 2, talons 1, powered by pain 1
a: Renounce Religion, Depart the Abyss, Bend Space, Banish


You were in a sewer.
You worshipped Lugonu.
Lugonu was most pleased with you.
You visited 1 branch of the dungeon, and saw 4 of its levels.
You visited the Abyss 1 time.
You also visited: Sewer.

You collected 122 gold pieces.

Inventory:

Hand Weapons
 a - a +1 falchion (weapon)
Armour
 j - a +0 chain mail (worn)
Jewellery
 d - a ring of positive energy (left hand)
 h - an amulet of regeneration (around neck)
Scrolls
 b - 3 scrolls of identify
 i - a scroll of magic mapping {unknown}
 l - a scroll of amnesia {unknown}
Potions
 c - a potion of flight
 e - 3 potions of curing
 f - 3 potions of heal wounds {unknown}
 g - a potion of might {unknown}
 k - a potion of brilliance {unknown}


   Skills:
 + Level 4.6 Fighting
 * Level 4.9 Long Blades
 - Level 1.7 Armour
 - Level 0.8 Dodging
 - Level 2.4 Invocations


You had 5 spell levels left.
You didn't know any spells.
Your spell library contained the following spells:

 Spells                   Type           Power      Damage    Failure   Level
 Confusing Touch          Hex            0%         N/A       100%        3
 Gell's Gravitas          Tloc           0%         N/A       100%        3
 Petrify                  Tmut/Erth      0%         N/A       100%        4
 Metabolic Englaciation   Hex/Ice        0%         N/A       100%        5
 Yara's Violent Unravell  Hex/Tmut       0%         3d3       100%        5


Dungeon Overview and Level Annotations

Branches:
Dungeon (4/15)              Sewer (1/1)
 Temple: D:4-7

Altars:
The Shining One

Shops:
D:2 !

Annotations:
D:2 Sigmund


Innate Abilities, Weirdness & Mutations

You have a pair of horns on your head.
You have sharp toenails.
You sometimes gain a little power by taking damage.


Message History

Your headbutt misses the kobold brigand.
The kobold brigand is severely wounded.
You feel sick.
The kobold brigand hits you with a +0 whip.
The kobold brigand hits you but does no damage.
The kobold brigand hits you with a +0 whip.
You barely miss the kobold brigand.
Your headbutt misses the kobold brigand.
The kobold brigand is severely wounded.
You feel sick.
The kobold brigand hits you with a +0 whip. x2
The kobold brigand hits you with a +0 dagger.
You are too injured to fight recklessly!
You feel sick.
The kobold brigand hits you with a +0 whip.
You feel sick.
You feel sick.
You are no longer poisoned.
The kobold brigand throws a curare-tipped dart.
The curare-tipped dart hits you.
You are poisoned.
You have difficulty breathing.
You feel yourself slow down. The kobold brigand closely misses you.
You feel very sick.
The kobold brigand throws a poisoned dart.
The poisoned dart hits you!
You are more poisoned.
The kobold brigand throws a poisoned dart.
The poisoned dart hits you!
You are lethally poisoned!
Okay, then.
* * * LOW HITPOINT WARNING * * *
You feel extremely sick.
* * * LOW HITPOINT WARNING * * *
You feel very sick.
The kobold brigand throws a curare-tipped dart.
The curare-tipped dart hits you.
You are more poisoned.
You have difficulty breathing.
You die...

###'########≈≈############≈#≈####
#≈≈≈≈≈≈≈≈≈≈≈≈≈≈≈≈≈≈≈≈≈≈ ≈≈≈≈≈≈≈≈
#≈≈≈≈≈≈≈≈≈≈≈≈≈≈≈≈≈≈≈≈≈≈ ≈≈≈≈≈≈≈
#≈≈≈≈≈≈≈≈≈≈≈≈≈≈≈≈≈≈≈≈≈ ≈≈≈≈≈≈≈
#################≈≈≈##########≈≈≈
#.!.!#....≈≈P≈≈P≈≈P...≈≈≈≈P≈≈
#!∩..'.....≈≈≈≈..≈≈≈..≈≈P≈≈≈≈
#....'..KPK.P.............≈≈P
#.!..#.K.KK.@......P.........
#### #.......................
##....†...†............#
#.........##..........#
#######..####...####..# ####
##### ####


You could see 4 kobold brigands and a kobold.

Vanquished Creatures
  A centaur skeleton (D:4)
  A gnoll shaman (D:4)
  Robin (D:3)
  3 gnolls (D:4)
  6 adders
  2 river rats (D:4)
  2 adder skeletons (D:4)
  A worm (D:4)
  3 dart slugs
  2 orcs (D:3)
  6 endoplasms
  4 giant cockroaches
  10 goblins
  13 hobgoblins
  6 jackals (D:2)
  13 kobolds
  2 quokkas (D:3)
  12 ball pythons
  8 bats
  2 frilled lizards
  10 rats
108 creatures vanquished.

Notes
Turn   | Place    | Note
-------+----------+-------------------------------------------
     0 | Abyss:1  | kae the Demonspawn Abyssal Knight began the quest for the
                  | Orb.
     0 | Abyss:1  | Reached XP level 1. HP: 18/18 MP: 2/2
    68 | Abyss:1  | Found a corrupted altar of Lugonu.
    85 | D:1      | Escaped the Abyss
   145 | D:1      | Found a faded altar of an unknown god.
   322 | D:1      | Gained mutation: You sometimes gain a little power by
                  | taking damage. [demonic ancestry]
   322 | D:1      | Reached XP level 2. HP: 21/24 MP: 3/3
   807 | D:2      | Reached ** piety under Lugonu
   840 | D:2      | Gained mutation: You have a pair of small horns on your
                  | head. [demonic ancestry]
   840 | D:2      | Reached XP level 3. HP: 29/29 MP: 4/4
   866 | D:2      | Found Soifixt's Distillery.
  1166 | D:2      | Reached XP level 4. HP: 35/37 MP: 5/5
  1200 | D:2      | Noticed Sigmund
  1760 | D:3      | Noticed Robin
  2070 | D:3      | Reached *** piety under Lugonu
  2077 | D:3      | Killed Robin
  2078 | D:3      | Gained mutation: You have a pair of horns on your head.
                  | [demonic ancestry]
  2078 | D:3      | Reached XP level 5. HP: 32/42 MP: 6/6
  2533 | D:4      | Noticed an ogre
  2682 | D:4      | Gained mutation: You have sharp toenails. [demonic
                  | ancestry]
  2682 | D:4      | Reached XP level 6. HP: 47/49 MP: 7/7
  2704 | D:4      | Found a glowing drain.
  2708 | Sewer    | Entered a sewer
  2926 | Sewer    | HP: 2/49 [poisoned by a kobold brigand]
  2926 | Sewer    | Asphyxiated

Illustrated notes

Levels and vault maps discovered:
D:1:      saegor_arrival_simple_a, layout_rooms, basic_ecumenical_altar
D:2:      layout_loops_corners, serial_shops, shop, basic_altar,
          minmay_stone_trees_small, minmay_pentomino_u4, uniq_sigmund
D:3:      layout_loops_ring, uniq_robin
D:4:      layout_loops_ring, fedhas_altar_decomposition,
          gup_ossuary_entry_pyramid, gup_sewer_entry_spiral
Sewer:    kennysheep_pipe_town

Skill      XL: |  1  2  3  4 |
---------------+-------------+-----
Long Blades    | 2 3 4 |  4.9
Fighting       | 4 |  4.6
Armour         | |  1.7
Dodging        | |  0.8
Invocations    | |  2.4

Action                   |  1- 3 |  4- 6 || total
-------------------------+-------+-------++-------
Melee: Falchion          |   100 |   260 ||   360
       Headbutt          |     8 |    32 ||    40
       Kick              |       |    10 ||    10
  Use: Scroll            |     4 |     3 ||     7
       Potion            |       |     2 ||     2
Armor: Scale mail        |    51 |     7 ||    58
       Leather armour    |     1 |       ||     1
       Chain mail        |       |   171 ||   171
Dodge: Dodged            |    47 |   112 ||   159
       Rpst.: Falchion   |     8 |    36 ||    44

Table legend: (Time is in decaauts)
 A = Elapsed time spent in this place.
 B = Non-inter-level travel time spent in this place.
 C = Inter-level travel time spent in this place.
 D = Time resting spent in this place.
 E = Time spent auto-exploring this place.
 F = Levels seen in this place.
 G = Mean time per level.
                   A        B        C        D        E       F      G
               +--------+--------+--------+--------+--------+-----+--------+
         Total |   3006 |   2910 |     96 |     77 |   1928 |   6 |  501.0 |
       Dungeon |   2680 |   2584 |     96 |     77 |   1723 |   4 |  670.0 |
         Abyss |     85 |     85 |      0 |      0 |     67 |   1 |   85.0 |
         Sewer |    241 |    241 |      0 |      0 |    138 |   1 |  241.0 |
               +--------+--------+--------+--------+--------+-----+--------+

Top non-repeatable levels by time:
     D:2: 879 daAuts
     D:3: 741 daAuts
     D:1: 735 daAuts
     D:4: 324 daAuts
   Sewer: 241 daAuts
 Abyss:1: 85 daAuts
